 Dungeon Crawl Stone Soup version 0.27-a0-1090-gb115f176c6 (webtiles) character file.

Game seed: 15500379003323409561

1012 gimp the Chopper (level 8, -1/84 HPs)
             Began as a Djinni Fighter on Apr 27, 2021.
             Was an Initiate of Okawaru.
             Slain by an ice beast (11 damage)
             ... on level 6 of the Dungeon.
             The game lasted 00:07:52 (5833 turns).

gimp the Chopper (Djinni Fighter)                   Turns: 5833, Time: 00:07:53

Health: -1/84      AC: 24    Str: 17    XL:     8   Next: 21%
Gold:   386        EV:  2    Int: 11    God:    Okawaru [......] SH: 14 Dex: 12

rFire    . . .     SeeInvis .   a - +0 war axe
rCold    . . .     Faith    .   c - +0 kite shield
rNeg     + + +     Spirit   .   (armour currently unavailable)
rPois    ∞         Reflect  +   (helmet currently unavailable)
rElec    .         Harm     .   (cloak currently unavailable)
rCorr    .         Rampage  .   (gloves currently unavailable)
Will     .....     NoTele   +   (boots unavailable)
Stlth    +.........             u - amulet of reflection
HPRegen  0.24/turn              (no ring)
MPRegen  0.00/turn              (no ring)

@: tree-form
A: stationary, stasis, torment immunity, boosted hp, (fire resistance 2), (cold
vulnerability 1), float, innate caster, hp casting, extra vitality 1
a: Renounce Religion


You were on level 6 of the Dungeon.
You worshipped Okawaru.
Okawaru was noncommittal.
You were a tree.
You visited 2 branches of the dungeon, and saw 7 of its levels.
You also visited: Ossuary.

You collected 386 gold pieces.

Inventory:

Hand Weapons
 a - a +0 war axe (weapon)
Missiles
 f - 15 poisoned darts (quivered)
 p - 6 boomerangs of dispersal
 t - 3 atropa-tipped darts
Armour
 b - a +0 scale mail
 c - a +0 kite shield (worn)
 j - a +0 pair of gloves (melded)
 k - a +0 plate armour (melded)
Jewellery
 o - a ring of wizardry
 u - an amulet of reflection (around neck)
Scrolls
 m - 3 scrolls of magic mapping
 n - 7 scrolls of teleportation
Potions
 d - a potion of lignification
 e - a potion of attraction
 g - 3 potions of heal wounds {unknown}
 h - 8 potions of curing
 i - 3 potions of brilliance
 l - 2 potions of cancellation
 q - a potion of ambrosia


   Skills:
 - Level 3.0 Fighting
 * Level 6.4 Axes
 + Level 4.1 Armour
 - Level 5.0 Shields
 + Level 1.9 Invocations


You had 2 spell levels left.
You knew the following spells:

 Your Spells              Type           Power      Damage    Failure   Level
a - Apportation           Tloc           0%         N/A       78%         1
b - Ensorcelled Hibernat  Hex/Ice        0%         N/A       89%         2
c - Corpse Rot            Necr/Air       N/A        N/A       89%         2
Your spell library was empty.

Dungeon Overview and Level Annotations

Branches:
Dungeon (6/15)             Temple (1/1) D:5         Ossuary (visited)

Altars:
Ashenzari
Cheibriados
Dithmenos
Elyvilon
Fedhas
Gozag
Makhleb
Nemelex Xobeh
Okawaru
Qazlal
Ru
Sif Muna
Trog
Uskayaw
Vehumet
Zin
The Shining One

Shops:
D:1 (   D:4 (

Annotations:
D:2 Sigmund


Innate Abilities, Weirdness & Mutations

You are a tree.
Your roots penetrate the ground, keeping you stationary.
You cannot be teleported.
You are immune to unholy pain and torment.
Your maximum health is greatly increased.
Your equipment is partially melded.
You are immune to poison.
((Your flesh is very heat resistant. (rF++)))
((You are vulnerable to cold. (rC-)))
You float through the air rather than walking.
You learn spells naturally, not from books.
Your magical power is your life essence.
You have superior vitality. (+4 HP)


Message History

Your +0 plate armour melds into your body.
Your roots penetrate the ground.
The black bear bites you.
* * * LOW HITPOINT WARNING * * *
You block the black bear's attack. x3
The black bear claws you but does no damage. x2
You now have 10/84 hp.
Unknown command.
You feel better. You block the black bear's attack.
The black bear claws you but does no damage.
The black bear barely misses you.
You regained 8 hp, and now have 18/84 hp.
You hit the black bear.
The black bear is almost dead.
You block the black bear's attack. The black bear completely misses you.
The black bear claws you but does no damage.
The black bear bites you.
* * * LOW HITPOINT WARNING * * *
You block the black bear's attack. x2
You take 2 damage, and have 16/84 hp.
You slash the black bear!
You kill the black bear!
Okawaru accepts your kill. The ice beast barely misses you.
You barely miss the ice beast. The ice beast hits you.
* * * LOW HITPOINT WARNING * * *
The ice beast freezes you.
* * * LOW HITPOINT WARNING * * *
You take 7 damage, and have 9/84 hp.
You closely miss the ice beast. You block the ice beast's attack.
You barely miss the ice beast.
The ice beast hits you but does no damage. x2
You hit the ice beast.
The ice beast is lightly wounded.
The ice beast hits you but does no damage.
You hit the ice beast.
The ice beast is moderately wounded.
The ice beast hits you.
* * * LOW HITPOINT WARNING * * *
The ice beast freezes you!
You die...

.......)...## ###.
........... ##
..........# .......#
......# #...#
####...######
#..$Y....#..#### ##
.......#♣.........#
#.
#....#####........##
## #... ##........#
# ... ##>......## #
.. ##.......# # .
###.....##
###....### ###....##
###...#


You could see an ice beast.

Vanquished Creatures
  2 black bears
  A necrophage (D:4)
  A centaur (D:5)
  A phantom (D:5)
  2 scorpions
  2 hounds (D:6)
  A jelly (D:5)
  3 iguanas
  3 orc wizards (D:5)
  7 mummies (Ossuary)
  A howler monkey skeleton (D:5)
  4 adders
  A shadow imp (D:6)
  An adder skeleton (D:4)
  2 dart slugs
  10 orcs
  9 ball pythons
  2 bats (D:1)
  5 endoplasms
  2 giant cockroaches (D:1)
  A gnoll zombie (Ossuary)
  2 goblins
  7 hobgoblins
  2 quokkas (D:1)
  3 frilled lizards
  2 hobgoblin zombies (Ossuary)
  3 kobolds
  3 kobold zombies (Ossuary)
  2 orc zombies (Ossuary)
  4 rats
89 creatures vanquished.

Vanquished Creatures (collateral kills)
  A mummy (Ossuary)
1 creature vanquished.

Grand Total: 90 creatures vanquished

Notes
Turn   | Place    | Note
-------+----------+-------------------------------------------
     0 | D:1      | gimp the Djinni Fighter began the quest for the Orb.
     0 | D:1      | Reached XP level 1. HP: 20/20 MP: 0/0
    51 | D:1      | Reached skill level 2 in Axes
    78 | D:1      | Reached XP level 2. HP: 25/25 MP: 0/0
   730 | D:1      | Reached XP level 3. HP: 24/30 MP: 0/0
   730 | D:1      | Learned a level 1 spell: Apportation
  1353 | D:1      | Found Webbuuph's Weapon Emporium.
  1454 | D:2      | Noticed Sigmund
  2227 | D:3      | Found a sacrificial altar of Ru.
  2234 | D:3      | Found a glowing silver altar of Zin.
  2242 | D:3      | Found a sparkling altar of Nemelex Xobeh.
  2249 | D:3      | Found a hide-covered altar of Uskayaw.
  2255 | D:3      | Found a bloodstained altar of Trog.
  2263 | D:3      | Found a stormy altar of Qazlal.
  2367 | D:4      | Found Jeonkod's Weapon Emporium.
  2374 | D:4      | Noticed a necrophage
  2386 | D:4      | Killed a necrophage
  2387 | D:4      | Reached skill level 3 in Axes
  2387 | D:4      | Reached XP level 4. HP: 31/35 MP: 0/0
  2387 | D:4      | Reached XP level 5. HP: 36/40 MP: 0/0
  2387 | D:4      | Learned a level 2 spell: Ensorcelled Hibernation
  2432 | D:4      | Found a sand-covered staircase.
  2436 | Ossuary  | Entered an ossuary
  2766 | Ossuary  | Reached skill level 4 in Axes
  3371 | Ossuary  | Reached XP level 6. HP: 46/46 MP: 0/0
  3571 | D:4      | Found a broken altar of Ashenzari.
  4088 | D:5      | Entered Level 5 of the Dungeon
  4277 | D:5      | Noticed an ice beast
  4382 | D:5      | Noticed a black bear
  4398 | D:5      | Killed a black bear
  4399 | D:5      | Reached skill level 5 in Axes
  4399 | D:5      | Reached skill level 5 in Shields
  4399 | D:5      | Reached XP level 7. HP: 37/50 MP: 0/0
  4399 | D:5      | Learned a level 2 spell: Corpse Rot
  4982 | D:5      | Found a staircase to the Ecumenical Temple.
  5022 | Temple   | Entered the Ecumenical Temple
  5130 | Temple   | Became a worshipper of Warmaster Okawaru
  5272 | D:6      | Reached skill level 6 in Axes
  5361 | D:5      | Reached skill level 1 in Invocations
  5570 | D:5      | Reached XP level 8. HP: 43/56 MP: 0/0
  5833 | D:6      | Slain by an ice beast

Illustrated notes

Levels and vault maps discovered:
D:1:      dpeg_arrival_orchard, layout_basic, serial_shops,
          nicolae_shop_statue_plus
D:2:      layout_loops_ring, hellmonk_ecumenical_altar_lost_god, serial_shops,
          shop_fountains, minivault_26, minivault_19,
          ebering_dispersal_statue_hall, corexii_hall_statues_i,
          minmay_indecisive_spiral, uniq_jessica, uniq_sigmund
D:3:      layout_loops_ring, grunt_temple_overflow_octagram
D:4:      layout_cave_pools, kennysheep_little_box,
          nicolae_ossuary_entry_false_entrances, serial_shops, shop,
          nrook_mini_vaults, minivault_14, minmay_pentangle
D:5:      layout_rooms, temple_green, kennysheep_another_room
D:6:      layout_cave_pods
Temple:   kb_temple_of_zot

Skill      XL: |  1  2  3  4  5  6  7 |
---------------+----------------------+-----
Axes           | 2 3 4 5 6 |  6.4
Shields        | 4 5 |  5.0
Invocations    | 1 |  1.9
Armour         | 4 |  4.1
Fighting       | |  3.0

Action                   |  1- 3 |  4- 6 |  7- 9 || total
-------------------------+-------+-------+-------++-------
Melee: War axe           |    93 |   101 |   134 ||   328
Throw: Dart              |       |     6 |       ||     6
Evoke: Wand              |       |     8 |       ||     8
  Use: Scroll            |     4 |     6 |     2 ||    12
       Potion            |       |     2 |     2 ||     4
Armor: Scale mail        |    29 |       |       ||    29
       Plate armour      |    13 |    77 |   111 ||   201
       Skin              |       |       |     7 ||     7
Dodge: Dodged            |    17 |    14 |    24 ||    55
Block: Kite shield       |    53 |    70 |   134 ||   257

Table legend: (Time is in decaauts)
 A = Elapsed time spent in this place.
 B = Non-inter-level travel time spent in this place.
 C = Inter-level travel time spent in this place.
 D = Time resting spent in this place.
 E = Time spent auto-exploring this place.
 F = Levels seen in this place.
 G = Mean time per level.
                   A        B        C        D        E       F      G
               +--------+--------+--------+--------+--------+-----+--------+
         Total |   6002 |   5655 |    347 |    248 |   4297 |   8 |  750.2 |
       Dungeon |   4830 |   4526 |    304 |    244 |   3402 |   6 |  805.0 |
        Temple |    137 |     94 |     43 |      0 |     92 |   1 |  137.0 |
       Ossuary |   1034 |   1034 |      0 |      4 |    803 |   1 | 1034.0 |
               +--------+--------+--------+--------+--------+-----+--------+

Top non-repeatable levels by time:
     D:1: 1456 daAuts
     D:5: 1252 daAuts
 Ossuary: 1034 daAuts
     D:3: 881 daAuts
     D:4: 805 daAuts
     D:6: 378 daAuts
  Temple: 137 daAuts
     D:2: 55 daAuts
